Map: Lightshade LE

Players

MCanning

  • Race: Protoss Protoss
  • League: Master

Antis - Winner!

  • Race: Zerg Zerg

VOD

Have the link to the VOD?

Description

Time

  • Played on: July 24, 2021, 5:47 p.m.
  • Length: 7:49
Show
View Real Time Build Order
Export as new Build Order

MCanning Protoss 

Build Orders: 1 Gate Expand, Oracle Opening 

Get SALT Encoding   

  12  0:00  Probe  
  13  0:12  Probe  
  14  0:20  Pylon  
  14  0:24  Probe  
  15  0:38  Gateway, Probe (Chrono Boost)  
  16  0:48  Assimilator, Probe (Chrono Boost)  
  17  0:53  Probe (Chrono Boost)  
  18  1:04  Probe  
  19  1:16  Probe  
  20  1:23  Nexus  
  20  1:33  Cybernetics Core  
  20  1:35  Probe  
  21  1:41  Assimilator  
  21  1:48  Probe  
  21  1:51  Pylon  
  22  2:00  Probe  
  23  2:07  Adept (Chrono Boost)  
  23  2:12  Probe (Chrono Boost)  
  26  2:19  Stargate  
  27  2:23  Probe (Chrono Boost)  
  27  2:27  Probe (Chrono Boost)  
  27  2:29  Stalker  
  30  2:35  Probe (Chrono Boost)  
  31  2:39  Warp Gate  
  32  2:44  Probe (Chrono Boost)  
  32  2:46  Probe (Chrono Boost)  
  32  2:51  Probe x2 (Chrono Boost)  
  34  2:58  Void Ray (Chrono Boost)  
  35  3:02  Probe x2  
  41  3:13  Pylon  
  41  3:14  Probe  
  41  3:15  Probe  
  43  3:22  Gateway  
  43  3:26  Probe  
  44  3:27  Probe  
  44  3:32  Pylon, Oracle (Chrono Boost)  
  45  3:38  Probe  
  45  3:39  Probe  
  50  3:44  Assimilator  
  50  3:46  Assimilator  
  50  3:50  Probe  
  50  3:52  Probe  
  52  3:56  Void Ray  
  52  4:02  Probe  
  57  4:04  Pylon, Probe  
  58  4:14  Probe  
  58  4:16  Probe  
  58  4:27  Probe (Chrono Boost)  
  58  4:29  Nexus  
  60  4:31  Pylon  
  60  4:32  Probe (Chrono Boost)  
  60  4:37  Robotics Facility  
  61  4:39  Probe (Chrono Boost)  
  61  4:40  Sentry  
  61  4:42  Pylon  
  61  4:44  Probe x2 (Chrono Boost)  
  65  4:51  Adept  
  65  4:52  Probe  
  68  4:55  Forge  
  68  4:56  Twilight Council  
  68  4:59  Probe  
  69  5:00  Void Ray  
  69  5:04  Probe  
  74  5:09  Sentry  
  74  5:11  Probe  
  77  5:15  Pylon  
  77  5:16  Probe  
  78  5:23  Protoss Ground Weapons Level 1 (Chrono Boost)  
  78  5:24  Probe  
  78  5:26  Observer (Chrono Boost)  
  80  5:30  Probe  
  80  5:31  Robotics Bay  
  80  5:32  Gateway  
  80  5:34  Shield Battery, Gateway  
  81  5:36  Charge (Chrono Boost)  
  81  5:40  Probe  
  82  5:44  Probe  
  82  5:45  Probe  
  84  5:51  Zealot x2  
  84  5:53  Probe  
  84  5:56  Probe  
  90  5:57  Probe  
  91  6:04  Assimilator  
  91  6:05  Probe  
  91  6:09  Assimilator, Probe  
  91  6:10  Templar Archives  
  92  6:13  Gateway  
  92  6:14  Gateway, Probe  
  92  6:17  Probe  
  93  6:21  Disruptor (Chrono Boost), Probe  
  97  6:30  Photon Cannon  
  97  6:33  Pylon  
  97  6:40  Pylon x2  
  97  6:46  Photon Cannon  
  97  6:48  Disruptor (Chrono Boost)  
  97  6:53  Zealot x3  
  106  6:55  Probe  
  106  6:59  Shield Battery  
  107  7:04  Shield Battery  
  107  7:08  Zealot  
  109  7:14  Disruptor (Chrono Boost)  
  108  7:23  Zealot x4  
  108  7:28  Photon Cannon  
  109  7:30  Photon Cannon  
  95  7:37  Zealot x2  
  91  7:46  Zealot  
  91  7:47  Zealot x3  
Show
View Real Time Build Order
Export as new Build Order

Antis Zerg - Winner!

Build Orders: Hatch First 

Get SALT Encoding   

  12  0:00  Drone  
  13  0:12  Overlord  
  13  0:17  Drone  
  14  0:31  Drone x2  
  16  0:48  Hatchery  
  15  0:51  Drone  
  15  0:54  Drone  
  17  0:57  Drone  
  18  1:08  Extractor  
  17  1:13  Spawning Pool  
  17  1:16  Drone  
  17  1:19  Drone  
  18  1:27  Drone  
  19  1:39  Drone  
  20  1:49  Overlord  
  20  1:59  Queen x2  
  20  2:00  Zergling x4  
  26  2:11  Drone x2  
  26  2:12  Metabolic Boost  
  28  2:21  Drone x2  
  30  2:32  Hatchery  
  30  2:35  Drone  
  30  2:38  Drone  
  30  2:44  Queen  
  31  2:50  Overlord  
  33  2:59  Drone  
  33  3:00  Drone x2  
  36  3:05  Overlord  
  36  3:10  Drone x4  
  40  3:15  Drone x3  
  43  3:21  Overlord  
  43  3:26  Queen  
  43  3:33  Zergling x4  
  47  3:38  Overlord  
  47  3:45  Drone x6  
  53  3:55  Zergling x2  
  54  3:57  Drone x4  
  57  4:03  Queen  
  57  4:04  Overlord  
  57  4:07  Queen  
  61  4:10  Overlord  
  61  4:16  Drone x5  
  65  4:26  Drone x3  
  65  4:31  Drone x4  
  65  4:33  Spore Crawler  
  65  4:36  Evolution Chamber  
  65  4:37  Roach Warren  
  66  4:40  Lair  
  66  4:41  Zergling x4  
  66  4:44  Extractor  
  67  4:49  Drone x5  
  72  5:01  Drone x7  
  72  5:02  Drone x3  
  72  5:04  Zerg Missile Weapons Level 1  
  81  5:13  Queen x2, Extractor  
  84  5:17  Extractor  
  84  5:18  Extractor  
  84  5:19  Drone x6  
  88  5:23  Extractor  
  87  5:28  Overlord  
  87  5:29  Overlord x2  
  87  5:36  Overlord x3  
  87  5:37  Overlord  
  87  5:39  Overlord  
  87  5:41  Glial Reconstitution  
  87  5:47  Overlord  
  87  5:55  Zergling x10  
  92  6:04  Roach  
  92  6:05  Roach x5  
  92  6:08  Hatchery  
  92  6:09  Roach x3  
  107  6:19  Roach x5  
  107  6:20  Roach  
  117  6:30  Roach x4  
  125  6:36  Overseer  
  125  6:40  Roach  
  125  6:41  Roach x2  
  125  6:46  Roach  
  125  6:47  Roach x2, Ravager x2  
  137  6:48  Ravager x2  
  137  6:49  Ravager x2  
  143  6:55  Roach  
  143  6:56  Roach  
  143  6:57  Ravager x2  
  145  7:04  Queen x3  
  145  7:05  Roach  
  145  7:06  Roach x5  
  162  7:08  Overlord  
  162  7:12  Overlord  
  162  7:13  Overlord  
Tags
 
Add a new tag
Caveats
  • Supply blocks, unpowered buildings, or Contaminate may cause inaccurate times.
  • Supply counts are checked every 10 seconds.